 Dungeon Crawl Stone Soup version 0.29.1-1-gd02db6906a (webtiles) character file.

Game seed: 4130669520353720380

45270 cariele the Severer (level 14, -4/175 HPs)
             Began as a Palentonga Berserker on Sept 23, 2022.
             Was the Champion of Trog.
             Slain by a polar bear (15 damage)
             ... on level 5 of the Lair of Beasts.
             The game lasted 00:39:02 (14284 turns).

cariele the Severer (Palentonga Berserker)         Turns: 14284, Time: 00:39:04

Health: -4/175     AC: 27    Str: 25    XL:     14   Next: 0%
Magic:  14/14      EV:  1    Int: 12    God:    Trog [******]
Gold:   430        SH:  0    Dex: 17    Spells: 13/13 levels left

rFire   . . .      SeeInvis +   U - +5 war axe
rCold   . . .      Faith    +   v - +0 kite shield
rNeg    + . .      Spirit   .   (body armour currently unavailable)
rPois   +          Reflect  .   (helmet currently unavailable)
rElec   .          Harm     +   (cloak currently unavailable)
rCorr   .          Rampage  .   (gloves currently unavailable)
Will    +....      NoTele   +   (no barding)
Stlth   +.........              x - amulet "Ruqol" {Faith Harm *Corrode Dex+4 Slay+6}
HPRegen 0.00/turn               p - ring of positive energy
MPRegen 0.14/turn               X - ring of Desertification {*Slow EV+4 Dex+3 Slay+3}

@: confused, tree-form, ambrosia-drunk, on berserk cooldown, inhibited regen,
slowed, very slow
A: stationary, stasis, torment immunity, boosted hp, large, rugged brown scales
3, see invisible, (deformed body), (roll 1), (armoured tail), (reflexive curl),
clever 1, inhibited regeneration
a: Renounce Religion, Berserk, Trog's Hand, Brothers in Arms


You were on level 5 of the Lair of Beasts.
You worshipped Trog.
Trog was exalted by your worship.
You were a tree.
You visited 2 branches of the dungeon, and saw 15 of its levels.

You collected 1049 gold pieces.
You spent 619 gold pieces at shops.

Inventory:

Hand Weapons
 u - a +4 antimagic battleaxe
 z - a +4 quarterstaff of chaos
 S - a +3 lajatang of flaming
 U - a +5 war axe (weapon)
Missiles
 n - a throwing net
Armour
 r - a +0 cloak (melded)
 v - a +0 kite shield (worn)
 E - a +0 helmet (melded)
 N - a +2 pair of gloves (melded)
 O - a +0 plate armour (melded)
Jewellery
 l - a ring of protection from cold
 p - a ring of positive energy (left branch)
 x - the amulet "Ruqol" (around neck) {Faith Harm *Corrode Dex+4 Slay+6}
   (You acquired it on level 3 of the Dungeon)

   [amulet of faith]

   It allows you to gain divine favour quickly.
   Dex:       It affects your dexterity (+4).
   Slay:      It affects your accuracy & damage with ranged weapons and melee
   (+6).
   *Corrode:  It may corrode you when you take damage.
   Harm:      It increases damage dealt and taken.
 X - the ring of Desertification (right branch) {*Slow EV+4 Dex+3 Slay+3}
   (You bought it in a shop on level 8 of the Dungeon)

   [ring of evasion]

   EV:        It affects your evasion (+4).
   Dex:       It affects your dexterity (+3).
   Slay:      It affects your accuracy & damage with ranged weapons and melee
   (+3).
   *Slow:     It may slow you when you take damage.
Wands
 a - a wand of light (5)
 i - a wand of mindburst (32)
 I - a wand of flame (44)
 L - a wand of charming (17)
 Y - a wand of iceblast (13)
Scrolls
 c - a scroll of amnesia {unknown}
 d - a scroll of enchant armour {unknown}
 f - 3 scrolls of fog
 j - a scroll of enchant weapon
 q - a scroll of poison
 s - 2 scrolls of magic mapping
 t - 4 scrolls of teleportation
 y - 3 scrolls of vulnerability
 D - a scroll of silence
 H - a scroll of noise
 Q - a scroll of summoning
 V - a scroll of immolation
Potions
 e - a potion of resistance
 g - a potion of lignification
 k - 5 potions of brilliance
 m - 2 potions of curing
 w - 4 potions of magic
 A - 2 potions of attraction
 B - a potion of haste
 F - 2 potions of ambrosia
 M - 4 potions of might
 P - a potion of berserk rage
 R - 2 potions of mutation
 T - a potion of invisibility
 W - a potion of cancellation


   Skills:
 + Level 10.2 Fighting
 + Level 16.3 Axes
 + Level 12.8 Armour
 + Level 2.6 Dodging
 + Level 1.2 Stealth
 + Level 6.8 Shields


You had 13 spell levels left.
You didn't know any spells.
Your spell library was empty.

Dungeon Overview and Level Annotations

Branches:
Dungeon (11/15)            Temple (0/1) D:6            Lair (3/5) D:11
    Orc (0/2) D:11
  Swamp: Lair:2-3    Shoals: Lair:2-3     Snake: Lair:2-3    Spider: Lair:2-3

Altars:
Ashenzari
Elyvilon
Fedhas
Gozag
Kikubaaqudgha
Nemelex Xobeh
Okawaru
Qazlal
Wu Jian
Xom
Yredelemnul

Shops:
D:4 :   D:7 (   D:8 =   D:9 ?


Innate Abilities, Weirdness & Mutations

You are a tree.
Your roots penetrate the ground, keeping you stationary.
You cannot be teleported.
You are immune to unholy pain and torment.
Your maximum health is greatly increased.
Your equipment is partially melded.
(You are completely covered in rugged brown scales. (AC +3, +7% HP))
You have supernaturally acute eyesight. (SInv)
((Armour fits poorly on your strangely shaped body.))
((You can roll at nearby foes to attack.))
((You have a long armoured tail.))
((You curl defensively after being hit. (AC +7*)))
Your mind is acute. (Int +4, Str/Dex -1)
You do not regenerate when monsters are visible.


Message History

You are confused.
You feel invigorated. The black mamba barely misses you. x2
The wolf bites you but does no damage.
Unknown command.
You are too confused!
You're still recovering from your berserk rage.
Really quaff the potion of lignification?
You turn into a tree.
Your +0 cloak melds into your body.
Your +0 helmet melds into your body.
Your +2 pair of gloves melds into your body.
Your +0 plate armour melds into your body.
Your roots penetrate the ground.
The black mamba bites you!
* * * LOW HITPOINT WARNING * * *
The wolf bites you but does no damage.
The black mamba bites you but does no damage.
The polar bear bites you but does no damage.
The polar bear claws you.
* * * LOW HITPOINT WARNING * * *
The polar bear claws you.
* * * LOW HITPOINT WARNING * * *
The black bear bites you but does no damage.
The black bear claws you.
* * * LOW HITPOINT WARNING * * *
The black bear claws you but does no damage.
The wolf bites you but does no damage.
The black mamba bites you but does no damage.
The polar bear bites you but does no damage.
The polar bear claws you but does no damage. x2
The black bear bites you but does no damage.
The black bear claws you but does no damage. x2
You are too injured to fight recklessly!
You cannot move. (Use ctrl+direction or * direction to attack while stationary and confused.)
You attack the tree.
The wolf bites you but does no damage.
A wolf comes into view.
The black mamba bites you!
* * * LOW HITPOINT WARNING * * *
The wolf bites you.
* * * LOW HITPOINT WARNING * * *
The polar bear bites you!
You die... ♣8(h :g.
Y.. ♣ .h .. ♣Y♣ ♣♣... ♣hi

.....♣ ♣)♣♣♣♣
♣h....♣
♣)h..♣♣♣♣♣♣h...♣
♣♣♣†..i♣♣D♣h♣
♣♣.YhhSh♣♣♣
♣♣♣♣♣♣♣♣


You could see a ten-headed hydra (summoned), an elephant (summoned), a polar
bear, a black mamba, a black bear and 4 wolves.

Vanquished Creatures
  Gastronok (Lair:1)
  5 hydras
  2 two-headed ogres (D:9)
  A manticore (D:7)
  9 elephants
  Maurice (D:9)
  3 cane toads
  2 rime drakes
  A kobold demonologist (D:9)
  5 komodo dragons
  5 trolls
  Prince Ribbit (D:8)
  3 blink frogs (Lair:3)
  Grinder (D:3)
  A dream sheep (Lair:5)
  2 shadows (D:11)
  A wraith (D:9)
  2 spriggans (Lair:5)
  A basilisk (D:11)
  5 wyverns
  30 yaks
  A steam dragon (D:7)
  3 vampire mosquitoes (D:9)
  An acid dragon (D:9)
  7 water moccasins
  4 sky beasts
  An ice beast (D:6)
  5 black bears
  4 orc warriors
  An ogre (D:7)
  4 wolves (Lair:5)
  2 centaurs
  2 phantoms
  8 kobold brigands
  9 bullfrogs
  Blork the orc (D:5)
  5 necrophages
  5 wyvern zombies (D:7)
  6 scorpions
  19 wights
  2 troll zombies (D:11)
  20 killer bees
  8 howler monkeys
  An electric eel (D:7)
  5 centaur zombies (D:7)
  2 bullfrog zombies (D:7)
  4 jellies
  3 hounds
  12 orc priests
  Crazy Yiuf (D:3)
  Ijyb (D:3)
  5 iguanas
  13 orc wizards
  A killer bee zombie (D:7)
  4 ogre zombies (D:11)
  3 howler monkey zombies (D:7)
  8 adders
  11 gnolls
  2 shadow imps (D:7)
  3 white imps
  2 worms (D:4)
  A dart slug (D:2)
  18 orcs
  8 endoplasms
  5 giant cockroaches
  5 goblins
  8 hobgoblins
  10 jackals
  68 kobolds
  3 quokkas
  8 ball pythons
  4 bats
  2 frilled lizards (D:2)
  A goblin skeleton (D:11)
  A goblin zombie (D:11)
  6 hobgoblin skeletons (D:11)
  2 hobgoblin zombies (D:11)
  2 orc skeletons (D:11)
  7 orc zombies (D:11)
  5 rats
445 creatures vanquished.

Vanquished Creatures (others)
  An endoplasm (D:3)
  18 fungi
  21 plants
  4 withered plants (D:7)
44 creatures vanquished.

Grand Total: 489 creatures vanquished

Notes
Turn   | Place    | Note
-------+----------+-------------------------------------------
     0 | D:1      | cariele the Palentonga Berserker began the quest for the
                  | Orb.
     0 | D:1      | Reached XP level 1. HP: 19/19 MP: 1/1
   184 | D:1      | Reached XP level 2. HP: 25/25 MP: 2/2
   315 | D:1      | Found a faded altar of an unknown god.
   512 | D:1      | Reached ** piety under Trog
   673 | D:2      | Reached XP level 3. HP: 31/31 MP: 3/3
   707 | D:2      | You fall into a shaft and drop 2 floors!
   724 | D:4      | Noticed a black bear
  1174 | D:2      | Reached XP level 4. HP: 36/38 MP: 4/4
  1882 | D:3      | Noticed Grinder
  1895 | D:3      | Paralysed by Grinder for 4 turns
  1906 | D:3      | Paralysed by Grinder for 4 turns
  1912 | D:3      | Killed Grinder
  1913 | D:3      | Reached skill level 4 in Axes
  1913 | D:3      | Reached skill level 1 in Shields
  1913 | D:3      | Reached XP level 5. HP: 11/44 MP: 5/5
  1913 | D:3      | Reached XP level 6. HP: 13/51 MP: 6/6
  2151 | D:3      | Identified 2 scrolls of acquirement
  2151 | D:3      | Acquired the amulet "Ruqol" {Faith Harm *Corrode Dex+4
                  | Slay+6}
  2163 | D:3      | Acquired a manual of Armour
  2191 | D:3      | Noticed Ijyb
  2199 | D:3      | Killed Ijyb
  2381 | D:3      | Reached skill level 5 in Axes
  2398 | D:3      | Reached *** piety under Trog
  2654 | D:3      | Gained mutation: You curl defensively after being hit. (AC
                  | +7*) [Palentonga growth]
  2654 | D:3      | Reached XP level 7. HP: 48/57 MP: 7/7
  2727 | D:3      | Reached **** piety under Trog
  2743 | D:3      | Reached skill level 6 in Axes
  3102 | D:3      | Found a runed translucent door.
  3103 | D:3      | Noticed Crazy Yiuf
  3399 | D:3      | Killed Crazy Yiuf
  3482 | D:4      | Found Kuabrueh's Book Shoppe.
  3741 | D:4      | Found a white marble altar of Elyvilon.
  3767 | D:4      | Reached skill level 7 in Axes
  3895 | D:4      | Reached skill level 5 in Armour
  3895 | D:4      | Reached XP level 8. HP: 64/65 MP: 8/8
  4026 | D:5      | Entered Level 5 of the Dungeon
  4080 | D:5      | Found an iron altar of Okawaru.
  4082 | D:5      | Found an ornate altar of the Wu Jian Council.
  4083 | D:5      | Found a broken altar of Ashenzari.
  4279 | D:5      | Noticed a troll
  4281 | D:5      | Killed a troll
  4287 | D:5      | Noticed Blork the orc
  4291 | D:5      | Killed Blork the orc
  4486 | D:5      | Found an ancient bone altar of Kikubaaqudgha.
  4590 | D:5      | Reached ***** piety under Trog
  4784 | D:5      | Reached skill level 5 in Fighting
  4784 | D:5      | Reached skill level 8 in Axes
  5190 | D:6      | Reached XP level 9. HP: 72/72 MP: 9/9
  5632 | D:6      | Found a staircase to the Ecumenical Temple.
  5830 | D:6      | Received a gift from Trog
  5927 | D:7      | Found Wagotir's Antique Weapon Shoppe.
  5975 | D:7      | Reached skill level 9 in Axes
  6471 | D:7      | Found an opulent altar of Gozag.
  6491 | D:7      | Found an opulent altar of Gozag.
  6506 | D:7      | Found an opulent altar of Gozag.
  6783 | D:7      | Found an opulent altar of Gozag.
  6812 | D:7      | Reached skill level 1 in Stealth
  6814 | D:7      | Reached skill level 10 in Axes
  6971 | D:7      | Reached XP level 10. HP: 81/81 MP: 10/10
  7353 | D:7      | Noticed a manticore
  7354 | D:7      | Identified the +1 robe of the Saviour {*Corrode Int+3
                  | Dex+4}
  7363 | D:7      | Killed a manticore
  7364 | D:7      | Reached skill level 11 in Axes
  8247 | D:8      | Found a blossoming altar of Fedhas.
  8385 | D:8      | Found a stormy altar of Qazlal.
  8397 | D:8      | Noticed Prince Ribbit
  8403 | D:8      | Killed Prince Ribbit
  8509 | D:8      | Found a shimmering altar of Xom.
  8548 | D:8      | Found a basalt altar of Yredelemnul.
  8555 | D:8      | Found a sparkling altar of Nemelex Xobeh.
  8748 | D:8      | Found Plog's Jewellery Shop.
  8995 | D:8      | Reached skill level 12 in Axes
  9195 | D:8      | Bought the ring of Desertification {*Slow EV+4 Dex+3
                  | Slay+3} for 619 gold pieces
  9241 | D:9      | Found Orheuverch's Magic Scroll Emporium.
  9263 | D:9      | Noticed a two-headed ogre
  9270 | D:9      | Killed a two-headed ogre
  9270 | D:9      | Received a gift from Trog
  9408 | D:9      | Found Joriezuy's Magic Scroll Shoppe.
  9422 | D:9      | Reached XP level 11. HP: 89/89 MP: 11/11
  9436 | D:9      | Reached skill level 10 in Armour
  9458 | D:9      | Noticed Maurice
  9460 | D:9      | Killed Maurice
  9618 | D:9      | Noticed a two-headed ogre
  9620 | D:9      | Killed a two-headed ogre
  9772 | D:9      | Reached skill level 13 in Axes
 10240 | D:10     | Entered Level 10 of the Dungeon
 10358 | D:10     | Received a gift from Trog
 10654 | D:10     | Gained mutation: You do not regenerate when monsters are
                  | visible. [potion of mutation]
 10654 | D:10     | Gained mutation: Your mind is acute. (Int +4, Str/Dex -1)
                  | [potion of mutation]
 11651 | D:11     | Reached skill level 14 in Axes
 11674 | D:11     | Found a staircase to the Orcish Mines.
 11685 | D:11     | Reached skill level 5 in Shields
 11947 | D:11     | Found a staircase to the Lair.
 11950 | D:11     | Received a gift from Trog
 11960 | Lair:1   | Entered Level 1 of the Lair of Beasts
 12165 | Lair:1   | Noticed a six-headed hydra
 12172 | Lair:1   | Killed a nine-headed hydra
 12173 | Lair:1   | Reached XP level 12. HP: 99/99 MP: 12/12
 12423 | Lair:1   | Noticed a seven-headed hydra
 12426 | Lair:1   | Killed a ten-headed hydra
 12550 | Lair:1   | Noticed Gastronok
 12560 | Lair:1   | Killed Gastronok
 12561 | Lair:1   | Reached skill level 15 in Axes
 12921 | Lair:2   | Noticed a seven-headed hydra
 12925 | Lair:2   | Killed an 11-headed hydra
 13238 | Lair:2   | Noticed a seven-headed hydra
 13244 | Lair:2   | Killed a ten-headed hydra
 13458 | Lair:2   | Reached XP level 13. HP: 109/109 MP: 13/13
 13519 | Lair:2   | Reached skill level 16 in Axes
 14109 | Lair:3   | Reached skill level 10 in Fighting
 14109 | Lair:3   | Reached ****** piety under Trog
 14112 | Lair:3   | Received a gift from Trog
 14240 | Lair:3   | You fall into a shaft and drop 2 floors!
 14240 | Lair:5   | Entered Level 5 of the Lair of Beasts
 14271 | Lair:5   | Reached XP level 14. HP: 71/117 MP: 14/14
 14284 | Lair:5   | Slain by a polar bear

Illustrated notes

Levels and vault maps discovered:
D:1:      spicycebolla_green_bress_n_ham, layout_basic,
          hellmonk_ecumenical_altar_lost_god, minmay_crystal_room, minivault_23
D:2:      minmay_wonky_spiral, layout_basic
D:3:      minmay_goblin_kobold_castle, layout_basic, lemuel_flame_loot_1,
          uniq_ijyb, uniq_crazy_yiuf_cottage, uniq_grinder
D:4:      layout_cave_pools, elyvilon_altar_5, serial_shops, shop
D:5:      layout_basic, general_overflow_altar, grunt_temple_overflow_open,
          nicolae_fountain_basement, uniq_blork_the_orc
D:6:      layout_basic, minmay_temple_entry_nine_rooms
D:7:      kennysheep_windowed_halls, layout_basic,
          nicolae_gozag_conspicuous_consumption, serial_shops, shop_coins,
          serial_undead, serial_undead_a, serial_undead_a, serial_undead_a,
          serial_undead_f, serial_undead_d, serial_undead_c
D:8:      layout_basic, grunt_temple_overflow_forces_of_nature,
          mainiacjoe_overflow_surrounded_room, amethyst_overflow_temple_binary,
          serial_shops, nicolae_shop_crystal, st_stairs_10, uniq_prince_ribbit1
D:9:      layout_stronghold, serial_shops, kennysheep_mini_moat, shop,
          uniq_maurice
D:10:     layout_stronghold, minmay_hedge_maze
D:11:     layout_cross, grunt_lair_entry_orc_guard_hut, zombieorc1_lemuel
Lair:1:   layout_misc_corridors, uniq_gastronok
Lair:2:   layout_loops_ring
Lair:3:   layout_gridlike, elwin_shoals_entry_rocks, spider_nest_entry_a,
          serial_rivers, chequers_serial_rivers_room_b,
          chequers_serial_rivers_small_3, chequers_serial_rivers_large_a,
          chequers_serial_rivers_marsh, chequers_serial_rivers_room_b,
          lemuel_altar_in_water2, grunt_megastairs_5, infiniplex_staircase_pool
Lair:5:   minmay_lair_end_enchanted_forest, layout_cave_pods,
          kilobyte_rumbling_trees

Skill      XL: |  1  2  3  4  5  6  7  8  9 10 11 12 13 |
---------------+----------------------------------------+-----
Armour         | 2 3 5 7 9 11 12 | 12.8
Axes           | 4 5 7 8 10 12 14 15 16 | 16.3
Dodging        | 2 |  2.6
Shields        | 1 2 3 4 5 6 |  6.8
Fighting       | 4 5 7 8 9 10 | 10.2
Stealth        | 1 |  1.2

Action                   |  1- 3 |  4- 6 |  7- 9 | 10-12 | 13-15 || total
-------------------------+-------+-------+-------+-------+-------++-------
Melee: Hand axe          |    99 |   112 |   173 |       |       ||   384
       Tailslap          |     8 |    14 |    33 |    48 |    15 ||   118
       Punch             |     1 |       |       |       |       ||     1
       War axe           |       |       |    38 |   326 |    71 ||   435
Invok: Berserk           |       |     2 |     4 |     7 |     1 ||    14
 Abil: Rolling Charge    |    27 |    27 |    52 |    98 |    13 ||   217
  Use: Scroll            |     1 |     2 |     4 |    12 |     2 ||    21
       Potion            |       |       |     6 |     6 |     5 ||    17
Armor: Scale mail        |    28 |     5 |       |       |       ||    33
       Animal skin       |     2 |       |       |       |       ||     2
       Chain mail        |       |    37 |    55 |       |       ||    92
       Plate armour      |       |       |    49 |   146 |    79 ||   274
       Skin              |       |       |       |       |    14 ||    14
Dodge: Dodged            |    33 |    20 |    27 |    69 |    49 ||   198
Block: Other             |    13 |       |       |       |       ||    13
       Buckler           |    12 |     5 |       |       |       ||    17
       Kite shield       |       |    22 |    63 |   107 |    51 ||   243
